 Dungeon Crawl Stone Soup version 0.27.0-1-g7a089689b8 (webtiles) character file.

Game seed: 15122024647005414692

103 Fv001 the Shield-Bearer (level 4, -1/48 (52) HPs)
             Began as a Demonspawn Fighter on Aug 10, 2021.
             Slain by Crazy Yiuf (4 damage)
             ... while paralysed by Crazy Yiuf
             ... on level 3 of the Dungeon.
             The game lasted 00:04:27 (2968 turns).

Fv001 the Shield-Bearer (Demonspawn Fighter)        Turns: 2968, Time: 00:04:28

HP:   -1/48 (52)    AC: 22    Str: 17    XL:     4   Next: 51%
MP:   4/4           EV:  2    Int: 11    God:
Gold: 64            SH:  0    Dex: 13    Spells: 3/3 levels left

rFire    . . .     SeeInvis .   a - +0 war axe (flame)
rCold    . . .     Faith    .   c - +0 kite shield
rNeg     + + +     Spirit   .   (armour currently unavailable)
rPois    +         Reflect  .   (helmet currently unavailable)
rElec    .         Harm     .   (cloak currently unavailable)
rCorr    .         Rampage  .   (gloves currently unavailable)
Will     .....     NoTele   +   (boots currently unavailable)
Stlth    +.........             i - amulet of the acrobat
HPRegen  0.16/turn              (no ring)
MPRegen  0.09/turn              (no ring)

@: paralysed, lethally poisoned (-1 -> -2), tree-form, drained
A: stationary, stasis, torment immunity, boosted hp, (antennae 1), (sturdy frame
1), clever 1, MP-powered wands
a: no special abilities


You were on level 3 of the Dungeon.
You were a tree.
You visited 1 branch of the dungeon, and saw 3 of its levels.

You collected 64 gold pieces.

Inventory:

Hand Weapons
 a - a +0 war axe of flaming (weapon)
Armour
 b - a +0 scale mail (melded)
 c - a +0 kite shield (worn)
Jewellery
 i - an amulet of the acrobat (around neck)
Scrolls
 e - 2 scrolls of teleportation
 f - a scroll of magic mapping
 k - a scroll of immolation {unknown}
 l - a scroll of enchant weapon {unknown}
Potions
 d - 2 potions of might
 g - a potion of lignification
 h - 2 potions of flight
 j - a potion of mutation


   Skills:
 + Level 3.5 Fighting
 + Level 2.5 Axes
 + Level 3.2 Armour
 + Level 0.4 Dodging
 + Level 3.5 Shields


You had 3 spell levels left.
You didn't know any spells.
Your spell library contained the following spells:

 Spells                   Type           Power      Damage    Failure   Level
 Gell's Gravitas          Tloc           0%         N/A       99%         3
 Lesser Beckoning         Tloc           0%         N/A       99%         3
 Teleport Other           Tloc           0%         N/A       99%         3


Dungeon Overview and Level Annotations

Branches:
Dungeon (3/15)

Altars:
Fedhas
Gozag

Shops:
D:3 (

Annotations:
D:3 Crazy Yiuf


Innate Abilities, Weirdness & Mutations

You are a tree.
Your roots penetrate the ground, keeping you stationary.
You cannot be teleported.
You are immune to unholy pain and torment.
Your maximum health is greatly increased.
Your equipment is partially melded.
((You have a pair of small antennae on your head.))
((Your movements are slightly less encumbered by armour. (ER -2)))
Your mind is acute. (Int +2)
You expend magic power (3 MP) to strengthen your wands.


Message History

Crazy Yiuf shouts!
You open the door. You hit Crazy Yiuf. You burn Crazy Yiuf.
Crazy Yiuf is moderately wounded.
Crazy Yiuf hits you with a +3 quarterstaff of chaos.
You are poisoned.
You closely miss Crazy Yiuf.
Crazy Yiuf is moderately wounded.
You feel very sick. You block Crazy Yiuf's attack.
Crazy Yiuf hits you with a +3 quarterstaff of chaos!
You feel drained.
It was a potion of mutation.
You feel extremely strange.
You feel your magical essence link to the dungeon's wands.
You feel clever.
You feel sick.
Crazy Yiuf hits you with a +3 quarterstaff of chaos.
* * * LOW HITPOINT WARNING * * *
You feel drained.
Okay, then.
Really quaff the potion of lignification?
You turn into a tree.
Your +0 scale mail melds into your body.
Your roots penetrate the ground.
You feel sick.
Crazy Yiuf hits you with a +3 quarterstaff of chaos.
* * * LOW HITPOINT WARNING * * *
Unknown command.
You hit Crazy Yiuf. You burn Crazy Yiuf.
Crazy Yiuf is heavily wounded.
* * * LOW HITPOINT WARNING * * *
You feel sick. You block Crazy Yiuf's attack.
You hit Crazy Yiuf. You burn Crazy Yiuf.
Crazy Yiuf is severely wounded.
* * * LOW HITPOINT WARNING * * *
You feel sick. Crazy Yiuf hits you but does no damage.
You suddenly lose the ability to move!
Crazy Yiuf hits you but does no damage.
You feel sick.
Crazy Yiuf screams, "Whippet eyeball shoe!"
Crazy Yiuf hits you with a +3 quarterstaff of chaos.
You die...

#....##############.
#....# #. ♣....♣ #.
♣...♣♣ #. ♣♣.♣♣ #.
♣.♣♣ ## ♣♣.♣ ♣.♣♣
♣♣♣♣ #g# ... #...#
#..)# #####


You could see Crazy Yiuf.

Vanquished Creatures
  2 adders (D:2)
  A gnoll (D:1)
  A worm (D:3)
  2 dart slugs
  5 orcs
  4 endoplasms
  4 giant cockroaches
  5 goblins
  5 hobgoblins
  7 jackals
  2 quokkas
  6 ball pythons (D:1)
  5 bats
  3 frilled lizards
  4 kobolds
  2 rats
  A spectral goblin (D:1)
59 creatures vanquished.

Notes
Turn   | Place    | Note
-------+----------+-------------------------------------------
     0 | D:1      | Fv001 the Demonspawn Fighter began the quest for the Orb.
     0 | D:1      | Reached XP level 1. HP: 18/18 MP: 1/1
   315 | D:1      | Gained mutation: You have a pair of small antennae on your
                  | head. [demonic ancestry]
   315 | D:1      | Reached XP level 2. HP: 22/24 MP: 2/2
   628 | D:1      | Found a faded altar of an unknown god.
   958 | D:1      | Reached XP level 3. HP: 27/29 MP: 3/3
  1976 | D:2      | Gained mutation: Your movements are slightly less
                  | encumbered by armour. (ER -2) [demonic ancestry]
  1976 | D:2      | Reached XP level 4. HP: 35/35 MP: 4/4
  2310 | D:2      | Found an opulent altar of Gozag.
  2576 | D:3      | Found Mimid's Weapon Emporium.
  2848 | D:3      | Found a blossoming altar of Fedhas.
  2957 | D:3      | Found a runed translucent door.
  2958 | D:3      | Noticed Crazy Yiuf
  2964 | D:3      | Gained mutation: You expend magic power (3 MP) to
                  | strengthen your wands. [potion of mutation]
  2964 | D:3      | Gained mutation: Your mind is acute. (Int +2) [potion of
                  | mutation]
  2967 | D:3      | Paralysed by Crazy Yiuf for 2 turns
  2968 | D:3      | Slain by Crazy Yiuf

Illustrated notes

Levels and vault maps discovered:
D:1:      dpeg_arrival_houses_and_road, layout_loops_corners,
          dreamdust_ecumenical_altar_drowned_temple
D:2:      layout_basic, basic_altar
D:3:      layout_loops_cross, nemelex_spade_bored_becter, fedhas_altar_2,
          serial_shops, nicolae_shop_competitors_out_of_business,
          uniq_crazy_yiuf_cottage, uniq_robin

Skill      XL: |  1  2  3 |
---------------+----------+-----
Shields        | 3 |  3.5
Axes           | 2 |  2.5
Armour         | 3 |  3.2
Fighting       | |  3.5
Dodging        | |  0.4

Action                   |  1- 3 |  4- 6 || total
-------------------------+-------+-------++-------
Melee: War axe           |   135 |    66 ||   201
  Use: Scroll            |     4 |     1 ||     5
       Potion            |       |     2 ||     2
Armor: Scale mail        |    69 |    24 ||    93
       Skin              |       |     2 ||     2
Dodge: Dodged            |    42 |    24 ||    66
Block: Kite shield       |    72 |    33 ||   105
